 Dungeon Crawl Stone Soup version 0.19.5 (webtiles) character file.

14555 inmateoo the Cleaver (level 11, -10/99 HPs)
             Began as a Deep Dwarf Warper on Mar 21, 2017.
             Was an Elder of Makhleb.
             Mangled by a freezing wraith (18 damage)
             ... led by a death knight
             ... on level 12 of the Dungeon.
             The game lasted 00:22:59 (9665 turns).

inmateoo the Cleaver (Deep Dwarf Warper)            Turns: 9665, Time: 00:23:01

Health: -10/99     AC: 17    Str: 17    XL:     11   Next: 90%
Magic:  13/13      EV: 14    Int: 15    God:    Makhleb [****..]
Gold:   795        SH:  0    Dex: 14    Spells: 2 memorised, 9 levels left

rFire  . . .     SeeInvis .     O - +4 battleaxe (chop)
rCold  . . .     Gourm    .     q - +4 scale mail "Melugotuju" {rN+}
rNeg   + + .     Faith    .     (shield currently unavailable)
rPois  .         Spirit   .     F - +0 helmet
rElec  .         Reflect  .     p - +0 cloak
rCorr  .         Harm     .     s - +1 pair of gloves
MR     +....                    (no boots)
Stlth  +.........               (no amulet)
                                x - ring of positive energy
                                n - ring of flight

@: non-regenerating
A: damage resistance, recharge devices, talons 1, thin skeletal structure 1,
blink, clever 1, sense surroundings 2, screaming 1, slow regeneration 3, weak 1
a: Device Recharging, Blink, Minor Destruction, Lesser Servant of Makhleb, Major
Destruction, Renounce Religion, Evoke Flight


You were on level 12 of the Dungeon.
You worshipped Makhleb.
Makhleb was greatly pleased with you.
You were hungry.

You visited 2 branches of the dungeon, and saw 13 of its levels.

You collected 795 gold pieces.

Inventory:

Hand Weapons
 m - a +1 hand axe of electrocution
 r - a +1 mace of protection
 C - a +0 battleaxe of venom
 O - a +4 battleaxe of chopping (weapon)
Missiles
 e - 5 tomahawks of dispersal (quivered)
 w - 8 tomahawks
Armour
 p - a +0 cloak (worn)
 q - the +4 scale mail "Melugotuju" (worn) {rN+}
   (You found it on level 4 of the Dungeon)

   It protects you from negative energy.
 s - a +1 pair of gloves (worn)
 F - a +0 helmet (worn)
Jewellery
 n - a ring of flight (left hand)
 x - a ring of positive energy (right hand)
Wands
 b - a wand of lightning (6/15)
 f - a wand of heal wounds (3/9)
 j - a wand of confusion (25/48)
 t - a wand of lightning (1/15)
 z - a wand of teleportation (4/9)
 B - a wand of flame (9/48)
 J - a wand of polymorph (0/24)
Scrolls
 d - 3 scrolls of blinking
 h - 2 scrolls of identify
 i - 2 scrolls of immolation
 k - 4 scrolls of teleportation
 o - 7 scrolls of fog
 v - 8 scrolls of remove curse
 y - 4 scrolls of amnesia
 A - a scroll of fear
 G - a scroll of recharging
 H - 2 scrolls of enchant armour
Potions
 c - a potion of agility
 u - 4 potions of curing
 D - a potion of heal wounds
 E - a potion of berserk rage
 I - 2 potions of cancellation
 K - a potion of ambrosia
 L - a potion of invisibility
 N - a potion of lignification
Books
 M - a book of Enchantments

   Spells                             Type                      Level
   a - Cause Fear                     Hexes                        4
   b - Yara's Violent Unravelling     Hexes/Transmutation          5
   c - Silence                        Hexes/Air                    5
   d - Deflect Missiles               Charms/Air                   6
   e - Discord                        Hexes                        8
 P - a book of Minor Magic

   Spells                             Type                      Level
   a - Magic Dart                     Conjuration                  1
   b - Blink                          Translocation                2
   c - Call Imp                       Summoning                    2
   d - Repel Missiles                 Charms/Air                   2
   e - Slow                           Hexes                        2
   f - Conjure Flame                  Conjuration/Fire             3
   g - Mephitic Cloud                 Conjuration/Poison/Air       3
Comestibles
 a - a slice of pizza
 g - 10 bread rations
 l - 8 meat rations


   Skills:
 + Level 6.7 Fighting
 * Level 14.2 Axes
 - Level 0.8 Throwing
 + Level 8.0 Armour
 + Level 7.8 Dodging
 - Level 1.7 Spellcasting
 - Level 3.2 Translocations
 + Level 9.2 Evocations


You had 9 spell levels left.
You knew the following spells:

 Your Spells              Type           Power        Failure   Level  Hunger
a - Blink                 Tloc           N/A          28%         2    ###....
b - Shroud of Golubria    Chrm/Tloc      #.........   54%         2    ###....


Dungeon Overview and Level Annotations

Branches:
Dungeon (12/15)            Temple (1/1) D:6            Lair (0/6) D:8
    Orc (0/2) D:9

Altars:
Ashenzari
Cheibriados
Elyvilon
Fedhas
Gozag
Hepliaklqana
Kikubaaqudgha
Makhleb
Nemelex Xobeh
Okawaru
Qazlal
Uskayaw
Vehumet
Xom
Zin

Annotations:
D:3 inmateoo's ghost, amateur TeWn


Innate Abilities, Weirdness & Mutations

You are resistant to damage.
You can recharge devices by infusing magical energy.
You passively map the area around you.
You do not regenerate.
You have sharp toenails.
You have a somewhat thin skeletal structure. (Dex +2, Stealth)
You can translocate small distances at will.
Your mind is acute. (Int +2)
You occasionally shout uncontrollably at your foes.
You are weak. (Str -2)


Message History

You claw the freezing wraith, but do no damage.
The freezing wraith is severely damaged.
The freezing wraith barely misses you. The freezing wraith closely misses you.
You closely miss the freezing wraith.
You claw the freezing wraith, but do no damage.
The freezing wraith is severely damaged.
The freezing wraith misses you. The freezing wraith closely misses you.
You completely miss the freezing wraith.
The freezing wraith is severely damaged.
The freezing wraith hits you! The freezing wraith freezes you!
* * * LOW HITPOINT WARNING * * *
The freezing wraith barely misses you.
You are too injured to fight recklessly!
You closely miss the freezing wraith.
You claw the freezing wraith, but do no damage.
The freezing wraith is severely damaged.
The freezing wraith hits you!
* * * LOW HITPOINT WARNING * * *
The freezing wraith freezes you!!
You die...

...# ###########
..)#####.........################
..............<...............Wp.
....##.....#...#.#######.....####
....#....#.#)..#.......#.###.##
#'#.#...>..'...'..............#
#.#.#......#...#...###.#..##..#
#.#.#......#...#W....#.#...#..#
#.#.#......#####@...##.#...#..#
#[#.#......# #.##.##.#...#..###
#.#.#......# #.##....#......#..
#.#.#......# #.#######.#....#.#
#.#.#......# #..............#.#
#.#.#......# ####...##.#.##.#.#
#.#.#...†))# #......##.#.##.#.#
#.#.#......# #......##.#.##.#.#
#.#.###....# #......##.#.##.#.#


You could see a freezing wraith.

Vanquished Creatures
  A death knight (D:12)
  A skeletal warrior (D:12)
  A hill giant (D:12)
  A phantasmal warrior (D:12)
  A wolf spider zombie (D:12)
  3 ugly things
  Joseph (D:8)
  4 trolls
  2 two-headed ogres
  A hornet (D:10)
  A spriggan (D:7)
  4 wraiths
  7 yaks
  A hungry ghost (D:11)
  Menkaure (D:6)
  A water moccasin (D:6)
  Duvessa (D:6)
  8 orc warriors
  A swamp drake (D:11)
  2 ice beasts
  6 sky beasts
  A phantom (D:6)
  3 ogres (D:5)
  3 wolves (D:8)
  7 centaurs
  A big kobold (D:12)
  7 bullfrogs
  Dowan (D:6)
  A troll zombie (D:10)
  2 scorpions
  13 killer bees
  A howler monkey (D:9)
  6 crimson imps
  4 hounds
  4 centaur zombies
  A bullfrog zombie (D:5)
  A gnoll shaman (D:6)
  4 human zombies (D:10)
  4 jellies
  A quasit (D:9)
  4 orc priests
  4 centaur skeletons
  14 orc wizards
  3 iguanas
  2 human skeletons (D:10)
  A bullfrog skeleton (D:5)
  9 worker ants
  A hound zombie (D:5)
  3 hound skeletons
  3 mummies (D:10)
  3 gnolls (D:6)
  14 adders
  4 shadow imps
  2 oozes
  An adder zombie (D:5)
  2 adder skeletons
  3 worms
  3 dart slugs
  9 leopard geckos
  44 orcs
  5 bats
  7 giant cockroaches
  5 goblins
  11 hobgoblins
  7 jackals
  6 kobolds
  7 quokkas
  A ball python skeleton (D:4)
  5 frilled lizards
  A leopard gecko skeleton (D:5)
  2 quokka skeletons (D:5)
  2 quokka zombies
  7 rats
309 creatures vanquished.

Notes
Turn   | Place    | Note
-------+----------+-------------------------------------------
     0 | D:1      | inmateoo the Deep Dwarf Warper began the quest for the Orb.
     0 | D:1      | Reached XP level 1. HP: 19/19 MP: 3/3
    88 | D:1      | Reached XP level 2. HP: 23/26 MP: 4/4
   290 | D:1      | Reached skill level 3 in Axes
   443 | D:2      | Reached XP level 3. HP: 26/32 MP: 5/5
   463 | D:2      | Learned a level 2 spell: Blink
   466 | D:2      | Learned a level 2 spell: Shroud of Golubria
   472 | D:2      | Found an iron altar of Okawaru.
   696 | D:2      | Reached skill level 4 in Axes
   997 | D:3      | Reached XP level 4. HP: 29/39 MP: 6/6
  1091 | D:3      | Noticed inmateoo's ghost (amateur TeWn)
  1467 | D:3      | Reached skill level 5 in Axes
  1661 | D:4      | Reached XP level 5. HP: 45/45 MP: 7/7
  1695 | D:4      | Reached skill level 6 in Axes
  1886 | D:4      | Got an encrusted scale mail
  1897 | D:4      | Identified the +4 scale mail "Melugotuju" {rN+} (You found it on level 4 of the Dungeon)
  1960 | D:4      | Reached XP level 6. HP: 30/52 MP: 8/8
  1978 | D:4      | Reached skill level 7 in Axes
  2602 | D:5      | Entered Level 5 of the Dungeon
  2710 | D:5      | Reached skill level 8 in Axes
  2715 | D:5      | Reached XP level 7. HP: 35/60 MP: 9/9
  3046 | D:5      | Reached skill level 9 in Axes
  3153 | D:5      | Found a sparkling altar of Nemelex Xobeh.
  3268 | D:5      | Reached skill level 10 in Axes
  3461 | D:6      | Noticed Duvessa
  3461 | D:6      | Noticed Dowan
  3520 | D:6      | Reached XP level 8. HP: 65/67 MP: 9/9
  3585 | D:6      | Killed Duvessa
  3585 | D:6      | Reached skill level 1 in Evocations
  3588 | D:6      | Killed Dowan
  3697 | D:6      | Noticed Menkaure
  3720 | D:6      | Killed Menkaure
  4184 | D:6      | Found a staircase to the Ecumenical Temple.
  4193 | Temple   | Entered the Ecumenical Temple
  4224 | Temple   | Became a worshipper of Makhleb the Destroyer
  4666 | D:7      | Reached skill level 11 in Axes
  5171 | D:7      | Gained mutation: You passively map the area around you. [Deep Dwarf growth]
  5171 | D:7      | Reached XP level 9. HP: 35/76 MP: 9/9
  5379 | D:8      | Found a staircase to the Lair.
  5539 | D:8      | Noticed Joseph
  5557 | D:8      | Killed Joseph
  5702 | D:8      | Reached * piety under Makhleb
  5803 | D:8      | Reached skill level 5 in Evocations
  5866 | D:8      | Noticed a troll
  5874 | D:8      | Killed a troll
  5874 | D:8      | Reached skill level 5 in Dodging
  6001 | D:9      | Reached skill level 12 in Axes
  6073 | D:9      | Noticed a troll
  6090 | D:9      | Killed a troll
  6177 | D:9      | Reached XP level 10. HP: 54/87 MP: 10/10
  6294 | D:9      | Found a stormy altar of Qazlal.
  6327 | D:9      | Reached skill level 5 in Armour
  6468 | D:9      | Reached ** piety under Makhleb
  6590 | D:9      | Found a staircase to the Orcish Mines.
  6863 | D:9      | Reached skill level 5 in Fighting
  7034 | D:10     | Entered Level 10 of the Dungeon
  7225 | D:10     | Reached *** piety under Makhleb
  7287 | D:10     | Found an ancient bone altar of Kikubaaqudgha.
  7378 | D:10     | Gained mutation: You are weak. (Str -2) [potion of mutation]
  7378 | D:10     | Gained mutation: You possess an exceptional clarity of mind. [potion of mutation]
  7378 | D:10     | Gained mutation: You have sharp toenails. [potion of mutation]
  7538 | D:10     | Reached skill level 13 in Axes
  7946 | D:11     | Noticed Sonja
  7948 | D:11     | Noticed Sonja
  7948 | D:11     | Sonja changed into Sonja the swamp drake
  7954 | D:11     | Reached XP level 11. HP: 87/96 MP: 12/12
  7957 | D:11     | Killed Sonja the swamp drake
  8047 | D:11     | Noticed a green ugly thing
  8057 | D:11     | Killed a green ugly thing
  8062 | D:11     | Lost mutation: You possess an exceptional clarity of mind. [mutagenic meat]
  8063 | D:11     | Gained mutation: You can translocate small distances at will. [mutagenic meat]
  8351 | D:11     | Noticed a six-headed hydra
  8369 | D:12     | Noticed a phantasmal warrior
  8387 | D:12     | Killed a phantasmal warrior
  8438 | D:12     | Noticed a death knight
  8475 | D:12     | Noticed a white ugly thing
  8489 | D:12     | Killed a white ugly thing
  8489 | D:12     | Reached **** piety under Makhleb
  8545 | D:12     | Noticed a hill giant
  8555 | D:12     | Killed a hill giant
  8933 | D:12     | Noticed a cyan ugly thing
  8940 | D:12     | Killed a brown ugly thing
  8955 | D:12     | Gained mutation: You occasionally shout uncontrollably at your foes. [mutagenic meat]
  8956 | D:12     | Gained mutation: Your mind is acute. (Int +2) [mutagenic meat]
  8957 | D:12     | Gained mutation: You have a somewhat thin skeletal structure. (Dex +2, Stealth) [mutagenic meat]
  9001 | D:12     | Reached skill level 14 in Axes
  9550 | D:12     | Noticed a skeletal warrior
  9571 | D:12     | Killed a death knight
  9603 | D:12     | Killed a skeletal warrior
  9665 | D:12     | Mangled by a freezing wraith

Skill      XL: |  1  2  3  4  5  6  7  8  9 10 11 |
---------------+----------------------------------+-----
Fighting       | 2 3 4 5 6 |  6.7
Axes           | 3 4 5 6 8 10 11 12 13 14 | 14.2
Armour         | 3 4 6 8 |  8.0
Evocations     | 3 5 7 9 |  9.2
Dodging        | 3 5 6 7 |  7.8
Throwing       | |  0.8
Spellcasting   | |  1.7
Translocations | |  3.2

Action                   |  1- 3 |  4- 6 |  7- 9 | 10-12 || total
-------------------------+-------+-------+-------+-------++-------
Melee: Hand axe          |   147 |   236 |   299 |   439 ||  1121
       Flail             |       |    16 |       |       ||    16
       Battleaxe         |       |       |   194 |   119 ||   313
       Kick              |       |       |       |   103 ||   103
 Abil: Device Recharging |       |       |     4 |       ||     4
Evoke: Wand              |     2 |     3 |    20 |    23 ||    48
  Use: Scroll            |     5 |    10 |     5 |     6 ||    26
       Potion            |       |       |     4 |     3 ||     7
 Stab: Confused          |       |       |       |     2 ||     2
  Eat: Chunk             |       |     5 |     9 |    12 ||    26
       Pizza             |       |     1 |       |     3 ||     4
       Royal jelly       |       |       |     1 |       ||     1
       Fruit             |       |       |     1 |     1 ||     2
       Beef jerky        |       |       |       |     1 ||     1
Armor: Leather armour    |    22 |       |       |       ||    22
       Ring mail         |    27 |    54 |       |       ||    81
       Scale mail        |       |    59 |   247 |   248 ||   554
       Skin              |       |       |    30 |       ||    30
Dodge: Dodged            |   101 |   142 |   314 |   311 ||   868
